 Dungeon Crawl Stone Soup version 0.17.0-28-g6e173f8 (webtiles) character file.

132 R18 the Bolt Thrower (level 5, -25/38 HPs)
             Began as a Formicid Hunter on Nov 30, 2015.
             Annihilated by an ogre
             ... wielding a +0 giant club
              (26 damage)
             ... on level 4 of the Dungeon.
             The game lasted 00:05:17 (2821 turns).

R18 the Bolt Thrower (Formicid Hunter)              Turns: 2821, Time: 00:05:17

Health: -25/38     AC:  5    Str: 19    XL:     5   Next: 38%
Magic:  2/5        EV: 11    Int:  8    God:
Gold:   241        SH:  0    Dex: 12    Spells: 0 memorised, 4 levels left

rFire  . . .     SeeInvis +     a - +1 hand crossbow
rCold  . . .     Clarity  .     f - +0 ring mail
rNeg   . . .     SustAt   .     (no shield)
rPois  .         Gourm    .     (helmet unavailable)
rElec  .         Spirit   .     (no cloak)
rCorr  .         Warding  .     (no gloves)
rMut   .         Stasis   +     (no boots)
MR     .....                    (no amulet)
Stlth  +.........               (no ring)
                                g - ring of teleportation

@: very slightly contaminated, not resistant to hostile enchantments, very
unstealthy
A: permanent stasis, dig shafts and tunnels, four strong arms, antennae 3,
deterioration 1, dopey 1, screaming 1, strong 1, subdued magic 1, MP-powered
wands
a: Dig, Shaft Self, Evoke Teleportation


You were on level 4 of the Dungeon.
You were not hungry.

You visited 1 branch of the dungeon, and saw 4 of its levels.

You collected 241 gold pieces.

Inventory:

Hand Weapons
 a - a +1 hand crossbow (weapon)
 b - a +0 spear
 v - a +0 short sword
Missiles
 d - 5 bolts (quivered)
 q - 21 bolts of penetration
Armour
 c - a +0 leather armour
 f - a +0 ring mail (worn)
 s - a +0 plate armour
Jewellery
 g - a ring of teleportation (left hand)
Wands
 h - a wand of polymorph (13)
Scrolls
 i - a scroll of fear {unknown}
Potions
 l - a potion of flight
Comestibles
 e - 2 bread rations
 m - 3 meat rations
 t - a fruit


   Skills:
 - Level 2.1 Fighting
 + Level 5.2 Crossbows
 + Level 3.5 Armour
 - Level 1.7 Dodging
 - Level 1.2 Stealth


You had 4 spell levels left.
You didn't know any spells.

Dungeon Overview and Level Annotations

Branches:
Dungeon (4/15)
 Temple: D:4-7

Altars:
Ashenzari
Nemelex Xobeh


Innate Abilities, Weirdness & Mutations

You are under a permanent stasis effect.
You can dig through walls and to a lower floor.
Your four strong arms can wield two-handed weapons with a shield.
You have a pair of large antennae on your head (SInv).
Your body sometimes deteriorates upon taking damage.
You are dopey. (Int -2)
You occasionally shout uncontrollably at your foes.
Your muscles are strong. (Str +2)
Your spells are a little easier to cast, but a little less powerful.
You expend magic power (3 MP) to strengthen your wands.


Message History

* * * LOW HITPOINT WARNING * * *
Evoke which item? (* to show all) (? for menu, Esc to quit)
You don't have enough magic at the moment.
Unknown command.
Evoke which item? (* to show all) (? for menu, Esc to quit)
Okay, then.
You are too injured to fight recklessly!
Unknown command.
Firing (i - inventory): No suitable missiles.
Press: ? - help, Shift-Dir - straight line, f/p - ogre
Aim: an ogre, wielding a giant club (heavily wounded)
Okay, then.
a - a +1 hand crossbow (weapon)
Firing (i - inventory. (,) - cycle):
d - 6 bolts (quivered)
Press: ? - help, Shift-Dir - straight line, f/p - ogre
Aim: an ogre, wielding a giant club (heavily wounded)
You shoot a bolt. The bolt barely misses the ogre.
The ogre hits you with a giant club!!
Ouch! That really hurt!
You die...

#
####################
#
#......#...@.......#
#
#......#.OO#.......#
#
#......#...#.......#
#
#.....>#(..#.......#
#
#####.###..#########
# #.###..##..# #
#(.........#
#..........#
#..........#


You could see 2 ogres.

Vanquished Creatures
  A worker ant (D:3)
  2 adders (D:3)
  An ooze (D:3)
  A worm (D:2)
  5 giant geckos
  8 orcs (D:3)
  5 giant cockroaches
  6 hobgoblins
  9 jackals
  8 kobolds
  2 quokkas
  A ball python (D:3)
  4 bats
  3 giant newts
  6 goblins
  6 rats
68 creatures vanquished.

Notes
Turn   | Place    | Note
--------------------------------------------------------------
     0 | D:1      | R18 the Formicid Hunter began the quest for the Orb.
     0 | D:1      | Reached XP level 1. HP: 16/16 MP: 1/1
   106 | D:1      | Reached XP level 2. HP: 17/22 MP: 2/2
   129 | D:1      | Reached skill level 1 in Armour
   616 | D:1      | Reached XP level 3. HP: 27/27 MP: 3/3
  1072 | D:2      | Found a sparkling altar of Nemelex Xobeh.
  1430 | D:3      | Reached XP level 4. HP: 28/33 MP: 4/4
  1800 | D:3      | Found a shattered altar of Ashenzari.
  2141 | D:3      | Reached skill level 5 in Crossbows
  2351 | D:3      | Reached XP level 5. HP: 18/38 MP: 5/5
  2357 | D:3      | Gained mutation: Your spells are a little easier to cast, but a little less powerful. [potion of mutation]
  2357 | D:3      | Gained mutation: You occasionally shout uncontrollably at your foes. [potion of mutation]
  2357 | D:3      | Gained mutation: You are dopey. (Int -2) [potion of mutation]
  2543 | D:3      | Gained mutation: Your body sometimes deteriorates upon taking damage. [potion of mutation]
  2543 | D:3      | Gained mutation: You expend magic power (3 MP) to strengthen your wands. [potion of mutation]
  2543 | D:3      | Gained mutation: Your muscles are strong. (Str +2) [potion of mutation]
  2778 | D:4      | Noticed an ogre
  2781 | D:4      | Noticed an ogre
  2819 | D:4      | HP: 1/38 [ogre/giant club (14)]
  2821 | D:4      | Annihilated by an ogre

Action                   |  1- 3 |  4- 6 || total
-------------------------+-------+-------++-------
Melee: Short sword       |    83 |    14 ||    97
       Spear             |       |    90 ||    90
 Fire: Hand crossbow     |    45 |    31 ||    76
Evoke: Wand              |       |     1 ||     1
  Use: Scroll            |     1 |     5 ||     6
       Potion            |       |     6 ||     6
  Eat: Chunk             |     1 |     5 ||     6
